AoeStats
← beeflord

Runestones

507864377Analyzed
1v1 RM · 12d ago on Sep 20, 2026· 37m 12s· 2 players
Game mode
Random Map
Map size
Tiny (2 player)
Population
200
Speed
Normal
Resources
Standard
Victory
Conquest
Starting age
Dark Age
Ending age
Imperial Age
RankedLock teamsTeams togetherTeam positionsShared explorationLock speedFull tech treeHidden civsTurbo modeCheats
Victory
Defeat
🇨🇳 Teutons · China
623
+18
🇺🇸 Ethiopians · United States
676
-18
YCR414
13:24 Feudal Age
21:08 Castle Age
21:20 Bloodlines
21:18 Scale Barding Armor
28:48 Forging
32:04 Chain Barding Armor
32:19 Iron Casting
32:03 Double-Bit Axe
31:59 Horse Collar
37:06 Ironclad
beeflord
11:23 Feudal Age
9:39 Loom
12:24 Double-Bit Axe
22:31 Castle Age
21:07 Wheelbarrow
20:45 Arson
23:23 Fletching
23:46 Bow Saw
26:03 Crossbowman
28:56 Town Watch
31:03 Sanctity
34:33 Forging
37:36 Thumb Ring
Connection lost

Rejoining the realm…

Still unreachable

The connection could not be restored.

Session expired

The server has moved on; the page needs a fresh start.